Map: Cyber Forest LE

Players

Hillnor - Winner!

  • Race: Terran Terran
  • League: Platinum
  • Spawn Location: 11:00

Dorffen

  • Race: Protoss Protoss
  • League: Silver
  • Spawn Location: 5:00

VOD

Have the link to the VOD?

Description

Time

  • Played on: July 5, 2019, 9:04 a.m.
  • Length: 12:44
Show
View Real Time Build Order
Export as new Build Order

Hillnor Terran - Winner!

Build Orders: Command Center First (CC) 

Get SALT Encoding   

  12  0:01  SCV  
  13  0:13  SCV  
  14  0:24  Supply Depot  
  14  0:25  SCV  
  15  0:34  Engineering Bay  
  15  0:46  SCV  
  16  0:58  SCV  
  17  1:18  Command Center  
  17  1:27  Refinery  
  17  1:34  Barracks  
  17  1:51  SCV  
  18  2:03  SCV  
  19  2:15  SCV  
  20  2:16  Supply Depot  
  20  2:27  SCV  
  21  2:40  Orbital Command  
  21  2:46  Reaper  
  22  3:12  Planetary Fortress  
  18  3:49  SCV  
  19  4:01  SCV  
  20  4:10  Reaper  
  19  4:25  Barracks  
  19  4:28  SCV  
  20  4:32  Barracks  
  20  4:34  Terran Infantry Weapons Level 1, Barracks  
  20  4:40  SCV  
  21  4:49  Barracks Reactor  
  21  4:58  SCV  
  22  5:05  Command Center  
  22  5:11  SCV  
  23  5:22  Marine x3  
  23  5:23  SCV  
  23  5:27  Supply Depot  
  27  5:35  SCV, Marine  
  25  5:39  Marine  
  25  5:40  Marine x2  
  23  5:53  Marine  
  22  5:57  Marine x2  
  17  6:15  Marine x2  
  17  6:16  Marine x2  
  10  6:55  Marine  
  10  6:56  Marine  
  12  7:03  SCV  
  14  7:15  SCV  
  14  7:16  Marine x3  
  14  7:18  Marine  
  18  7:27  SCV  
  19  7:33  Marine  
  19  7:34  Marine  
  21  7:37  Marine  
  21  7:38  Marine  
  21  7:42  Planetary Fortress  
  23  7:49  SCV  
  23  8:04  Marine x4  
  23  8:22  Marine x4  
  27  8:38  SCV x2  
  27  8:40  Marine x3  
  33  8:45  Barracks Tech Lab  
  32  8:50  SCV x2  
  34  8:57  Marine  
  34  8:58  Marine x2  
  37  9:03  SCV  
  38  9:21  Supply Depot  
  38  9:24  Stimpack  
  38  9:42  SCV x2, Marine x3  
  38  9:43  Marine  
  44  9:55  SCV x2  
  46  10:17  Supply Depot  
  46  10:33  Terran Infantry Armor Level 1  
  46  10:38  SCV x2, Marine x4  
  46  10:39  Supply Depot  
  52  10:50  SCV x2  
  52  10:56  Barracks  
  54  11:00  Marine x4  
  54  11:03  SCV x2  
  60  11:13  Supply Depot  
  60  11:18  Marine x4  
  60  11:19  SCV x2  
  66  11:31  SCV x2  
  68  11:36  Marine x4  
  67  11:54  Marine x4  
  71  12:04  Marine  
  72  12:12  Marine x3, Marauder  
  77  12:22  Marine  
Show
View Real Time Build Order
Export as new Build Order

Dorffen Protoss 

Build Orders:  

Get SALT Encoding   

  1  0:00  Probe  
  12  0:05  Probe  
  14  0:21  Probe, Pylon  
  15  0:39  Probe  
  15  0:41  Gateway  
  16  0:49  Assimilator  
  16  0:51  Probe  
  17  1:18  Gateway  
  17  1:30  Zealot  
  19  1:34  Cybernetics Core  
  19  1:36  Pylon  
  19  1:39  Probe  
  20  1:48  Probe  
  21  1:56  Probe  
  21  1:58  Pylon  
  22  2:07  Probe  
  23  2:15  Stalker  
  25  2:21  Assimilator  
  25  2:30  Stalker  
  27  2:52  Nexus  
  27  2:55  Probe  
  27  3:03  Probe, Stalker  
  30  3:10  Stalker  
  33  3:43  Stalker x2  
  33  3:56  Robotics Facility  
  14  4:20  Probe  
  14  4:22  Stalker  
  19  4:28  Probe  
  17  4:36  Probe  
  18  4:41  Probe  
  18  4:44  Probe  
  21  4:54  Probe  
  21  4:56  Probe  
  23  5:00  Stalker  
  23  5:06  Probe  
  24  5:08  Probe  
  27  5:16  Stalker  
  27  5:20  Probe  
  25  6:03  Probe  
  26  6:06  Probe  
  27  6:15  Probe  
  27  6:18  Probe  
  27  6:24  Probe  
  27  6:27  Stalker  
  27  6:30  Probe  
  27  6:32  Probe  
  30  6:41  Probe  
  30  6:42  Probe  
  32  6:52  Probe  
  32  6:53  Probe  
  33  7:00  Probe  
  34  7:02  Immortal  
  34  7:06  Probe  
  40  7:08  Probe  
  41  7:17  Probe  
  41  7:18  Probe  
  43  7:25  Probe  
  44  7:30  Probe  
  44  7:36  Probe  
  45  7:41  Twilight Council  
  45  7:42  Probe  
  47  7:48  Probe  
  47  7:50  Stalker x2  
  52  7:54  Probe  
  53  8:00  Probe  
  52  8:12  Probe  
  53  8:26  Probe  
  54  8:40  Gateway x2, Blink  
  54  8:45  Gateway  
  54  8:49  Assimilator  
  54  8:50  Pylon  
  54  8:52  Assimilator  
  54  8:56  Pylon  
  54  8:58  Pylon  
  54  8:59  Pylon  
  54  9:08  Probe  
  55  9:17  Nexus  
  55  9:18  Probe  
  55  9:23  Warp Gate  
  56  9:26  Probe  
  57  9:35  Probe  
  58  9:39  Templar Archives  
  58  9:42  Dark Shrine  
  58  9:44  Robotics Bay  
  58  9:47  Probe  
  58  9:52  Assimilator  
  61  9:56  Assimilator  
  61  9:59  Probe  
  62  10:03  Zealot x3, Psionic Storm  
  62  10:04  Zealot x2  
  70  10:25  Observer  
  71  10:41  Charge  
  71  10:53  Forge  
  71  10:54  Forge  
  71  10:55  Pylon  
  71  10:58  Immortal  
  75  11:10  Probe  
  75  11:18  Probe  
  76  11:24  High Templar  
  76  11:25  High Templar x4  
  87  11:27  Probe  
  88  11:36  Pylon  
  89  11:40  Probe  
  89  11:41  Gateway x2  
  89  11:44  Gateway  
  77  11:52  Probe  
Tags
 
Add a new tag
Caveats
  • Supply blocks, unpowered buildings, or Contaminate may cause inaccurate times.
  • Supply counts are checked every 10 seconds.